 Dungeon Crawl Stone Soup version 0.31-a0-198-g2ad674f65e (webtiles) character file.

Game seed: 7382651477808432336

58 qw the Shooter (level 3, 0/20 HPs)
             Began as a Deep Elf Hunter on June 25, 2023.
             Succumbed to their own poison gas
             ... on level 1 of the Dungeon.
             The game lasted 00:00:30 (1282 turns).

qw the Shooter (Deep Elf Hunter)                    Turns: 1282, Time: 00:00:31

Health: 0/20       AC:  5    Str: 10    XL:     3   Next: 75%
Magic:  5/5        EV: 11    Int: 13    God:
Gold:   41         SH:  0    Dex: 18    Spells: 2/2 levels left

rFire   . . .        Y - +0 shortbow
rCold   . . .        (shield currently unavailable)
rNeg    . . .        f - +0 ring mail
rPois   .            (no helmet)
rElec   .            (no cloak)
rCorr   .            (no gloves)
SInv    .            (no boots)
Will    .....        (no amulet)
Stlth   +            (no ring)
HPRegen 0.23/turn    (no ring)
MPRegen 0.09/turn

%: no passive effects
@: lethally poisoned (0 -> -1), very slow
A: no striking features
a: no special abilities


You were on level 1 of the Dungeon.
You visited 1 branch of the dungeon, and saw 2 of its levels.

You collected 41 gold pieces.


   Skills:
 - Level 1.5 Fighting
 + Level 7.2 Ranged Weapons
 - Level 2.4 Dodging
 - Level 1.2 Stealth


You had 2 spell levels left.
You didn't know any spells.
Your spell library was empty.

Inventory:

Hand Weapons
 Y - a +0 shortbow (weapon)
Armour
 f - a +0 ring mail (worn)
Scrolls
 a - 2 scrolls of identify
Potions
 g - a potion of haste

Dungeon Overview and Level Annotations

Branches:
Dungeon (2/15)

Altars:


Message History

Enter note:
Enter note:
Enter note:
Enter note:
Enter note:
Enter note:
Enter note:
Enter note:
Enter note:
Enter note:
Enter note: Partly explored, can't reach some places.
(D) Dungeon
Where to? (* - list waypoints, Enter - D:2, ? - help)
What level of the Dungeon? (default 1, ? - help) Sorry, I don't know how to get there.
Enter note:
Enter note:
Enter note:
Enter note:
Enter note: Really walk into that cloud of poison gas?
You are engulfed in poison gas.
You are lethally poisoned!
You feel extremely sick.
1275 ||| Stepping ~*~*~tactically~*~*~ (cloud).
You feel very sick.
There is a lethal amount of poison in your body!
You feel sick.
There is a lethal amount of poison in your body!
You feel sick.
There is a lethal amount of poison in your body!
You feel sick.
There is a lethal amount of poison in your body!
You feel sick.
There is a lethal amount of poison in your body!
You feel sick.
There is a lethal amount of poison in your body!
You feel sick.
There is a lethal amount of poison in your body!
You die...

.#...##.....#.# #.#.#...#####
.#.##########.# #.#.#.#.....#
.#'##########.# #.#.#.#0)P~.#
..............# #.....0PP~P.#
....##....#########~PPPPP~.##
..........'.......PPP~7~~~P#
..........#####.~PP7~~~P~.##
..........+.PPP~~07~~PP.~##
.##..#....#PPP~~@7~P~P.###
.##..#.####PP~~~~7P~...#
.#...#.# ##P~~777PPPP###
.#.#.#.# #.~~~~777PPP#
..>..#.###.P~~~7~~~P~.#
...........#P~~P~~~7~~.P
.#...#.##.###~~P.~7~77~~
.#...#.##.# ##.#~PPPP~P7~
.....#.##.# #.###PP.P.P.~


There were no monsters in sight!

Vanquished Creatures
  A gnoll (D:1)
  An adder (D:2)
  A worm (D:2)
  A bat (D:2)
  An endoplasm (D:1)
  5 giant cockroaches
  5 goblins (D:1)
  5 hobgoblins
  3 kobolds (D:1)
  3 ball pythons
  5 frilled lizards
  A rat (D:1)
32 creatures vanquished.

Notes
Turn   | Place    | Note
-------+----------+-------------------------------------------
     0 | D:1      | qw the Deep Elf Hunter began the quest for the Orb.
     0 | D:1      | Reached XP level 1. HP: 12/12 MP: 3/3
     0 | D:1      | 0 ||| qw: Version: 0.3-a-22-g0ed2b0b
     0 | D:1      | 0 ||| qw: Game counter: 5282
     0 | D:1      | 0 ||| qw: Melee chars always use a shield: true
     0 | D:1      | 0 ||| qw: God list: Okawaru
     0 | D:1      | 0 ||| qw: Allow faded altars: false
     0 | D:1      | 0 ||| qw: Do Orc after clearing Dungeon:15 true
     0 | D:1      | 0 ||| qw: Do second Lair branch before Depths: true
     0 | D:1      | 0 ||| qw: Lair rune preference: random
     0 | D:1      | 0 ||| qw: Goals: Normal
     0 | D:1      | 0 ||| PLANNING D:1-11
    82 | D:1      | Reached XP level 2. HP: 16/16 MP: 4/4
    91 | D:1      | Reached skill level 6 in Ranged Weapons
   149 | D:1      | You fall into a shaft and drop 1 floor!
   193 | D:2      | Reached XP level 3. HP: 20/20 MP: 5/5
   245 | D:2      | 245 ||| UPGRADING to +0 ring mail.
   255 | D:2      | 255 ||| DROPPING +0 leather armour.
   256 | D:2      | 256 ||| READING scroll labelled VEEJYZE ROSOXT.
   260 | D:2      | 260 ||| READING scroll labelled HAILACHOXAU.
   261 | D:2      | 261 ||| DROPPING scroll of butterflies.
   615 | D:1      | 615 ||| READING scroll labelled DEDUG OSIYZ.
   797 | D:1      | Reached skill level 7 in Ranged Weapons
  1267 | D:1      | 1267 ||| READING scroll labelled OGECAS WEIWKE.
  1268 | D:1      | 1268 ||| READING 3 scrolls of identify.
  1268 | D:1      | 1268 ||| IDENTIFYING murky puce potion
  1275 | D:1      | 1275 ||| Stepping ~*~*~tactically~*~*~ (cloud).
  1277 | D:1      | HP: 5/20 [poisoned by you (poison gas)]
  1280 | D:1      | HP: 2/20 [poisoned by you (poison gas)]
  1282 | D:1      | Succumbed to their own poison gas

Levels and vault maps discovered:
D:1:      tarquinn_simple_flora_water_f, layout_basic,
          chequers_serial_rivers_small_3, serial_bayou_lagoon_a,
          minmay_misc_feat_tiny, minmay_misc_feat_plants, minivault_26,
          nrook_mini_backslash, minmay_door_square, minmay_statues_item
D:2:      layout_rooms, kennysheep_generic_room_12

Skill      XL: |  1  2  3 |
---------------+----------+-----
Ranged Weapons | 6 7 |  7.2
Fighting       | |  1.5
Dodging        | |  2.4
Stealth        | |  1.2

Action                     || total
---------------------------++-------
   Fire: Shortbow          ||   102
    Use: Scroll            ||     5
 Armour: Leather armour    ||     8
         Ring mail         ||    10
  Dodge: Dodged            ||    17

Table legend:
 A = Non-vault XP
 B = Vault XP
 C = Vault XP percentage of total XP
 D = Non-vault monster count
 E = Vault monster count
 F = Vault count percentage of total count
                 A         B        C        D         E       F
            +---------+---------+-------+---------+---------+-------
      Total |      79 |       4 |   4.8 |      30 |       2 |   6.2
            +---------+---------+-------+---------+---------+-------
        D:1 |      55 |       0 |   0.0 |      24 |       0 |   0.0
        D:2 |      24 |       4 |  14.3 |       6 |       2 |  25.0
            +---------+---------+-------+---------+---------+-------
